 Dungeon Crawl Stone Soup version 0.20.0-10-g0535bb4 (webtiles) character file.

35511 asdasd2 the Severer (level 13, -22/116 HPs)
             Began as a Minotaur Fighter on June 2, 2017.
             Was the Champion of Okawaru.
             Killed from afar by an ice dragon (58 damage)
             ... with a blast of cold
             ... on level 15 of the Dungeon on June 3, 2017.
             The game lasted 00:25:21 (14261 turns).

asdasd2 the Severer (Minotaur Fighter)             Turns: 14261, Time: 00:25:22

Health: -22/116    AC: 25    Str: 26    XL:     13   Next: 48%
Magic:  12/12      EV: 13    Int:  5    God:    Okawaru [******]
Gold:   787        SH: 10    Dex: 19    Spells: 12/12 levels left

rFire    . . .     SeeInvis .   B - +0 broad axe
rCold    . . .     Gourm    .   c - +0 shield
rNeg     . . .     Faith    .   H - +0 plate armour
rPois    .         Spirit   .   M - +1 hat {MR+}
rElec    .         Reflect  .   (no cloak)
rCorr    .         Harm     .   G - +2 pair of gloves "Fierhay" {Dex+4}
MR       ++...                  Y - +2 pair of boots
Stlth    ..........             o - amulet of regeneration
Regen    0.7/turn               l - ring of protection from magic
MPRegen  0.2/turn               z - ring of wizardry

@: agile
A: retaliatory headbutt, horns 2
a: Heroism, Finesse, Renounce Religion


You were on level 15 of the Dungeon.
You worshipped Okawaru.
Okawaru was exalted by your worship.
You were very full.

You visited 2 branches of the dungeon, and saw 16 of its levels.

You collected 1005 gold pieces.
You spent 218 gold pieces at shops.

Inventory:

Hand Weapons
 B - a +0 broad axe (weapon)
 J - a +3 war axe
 O - a +0 mace
 V - a +2 battleaxe of venom
Armour
 c - a +0 shield (worn)
 G - the +2 pair of gloves "Fierhay" (worn) {Dex+4}
   (You bought it in a shop on level 9 of the Dungeon)

   It affects your dexterity (+4).
 H - a +0 plate armour (worn)
 M - a +1 hat of magic resistance (worn)
 Y - a +2 pair of boots (worn)
Jewellery
 e - an uncursed ring of magical power
 l - a ring of protection from magic (left hand)
 o - an amulet of regeneration (around neck)
 s - an uncursed ring of flight
 w - an uncursed amulet of rage
 y - an uncursed ring of loudness
 z - a ring of wizardry (right hand)
Wands
 D - a wand of paralysis (8/24)
 E - a wand of iceblast (13/15)
 I - a wand of disintegration (6/24)
 K - a wand of iceblast (10/15)
 Q - a wand of flame (24/48)
 U - a wand of lightning (7/15)
Scrolls
 a - 2 scrolls of summoning {unknown}
 d - a scroll of fear
 j - 2 scrolls of enchant armour
 k - 12 scrolls of identify
 p - 2 scrolls of remove curse
 r - 5 scrolls of magic mapping
 t - a scroll of fog
 x - 9 scrolls of teleportation
 L - a scroll of amnesia
 N - 2 scrolls of recharging
 S - 2 scrolls of enchant weapon {unknown}
Potions
 h - 3 potions of flight
 i - 2 potions of brilliance
 m - 4 potions of curing
 q - 2 potions of lignification
 u - 2 potions of invisibility
 A - 4 potions of resistance
 X - a potion of haste {unknown}
 Z - a potion of ambrosia {unknown}
Books
 v - a book of Misfortune

   Spells                             Type                      Level
   a - Confusing Touch                Hexes                        1
   b - Confuse                        Hexes                        3
   c - Gell's Gravitas                Translocation                3
   d - Petrify                        Transmutation/Earth          4
   e - Metabolic Englaciation         Hexes/Ice                    5
   f - Yara's Violent Unravelling     Hexes/Transmutation          5
 F - a book of Air

   Spells                             Type                      Level
   a - Shock                          Conjuration/Air              1
   b - Swiftness                      Charms/Air                   2
   c - Static Discharge               Conjuration/Air              3
   d - Airstrike                      Air                          4
   e - Lightning Bolt                 Conjuration/Air              5
 R - a book of Frost

   Spells                             Type                      Level
   a - Freeze                         Ice                          1
   b - Throw Frost                    Conjuration/Ice              2
   c - Ozocubu's Armour               Charms/Ice                   3
   d - Throw Icicle                   Conjuration/Ice              4
   e - Summon Ice Beast               Ice/Summoning                4
 T - a Young Poisoner's Handbook

   Spells                             Type                      Level
   a - Sting                          Conjuration/Poison           1
   b - Poisonous Vapours              Poison/Air                   2
   c - Mephitic Cloud                 Conjuration/Poison/Air       3
   d - Olgreb's Toxic Radiance        Poison                       4
   e - Venom Bolt                     Conjuration/Poison           5
Comestibles
 b - 6 royal jellies
 f - 12 bread rations
 n - 8 meat rations
 W - 6 fruits


   Skills:
 + Level 11.3 Fighting
 * Level 18.9 Axes
 + Level 2.1(12.9) Maces & Flails
 * Level 14.7 Armour
 + Level 3.6 Dodging
 - Level 3.6 Shields


You had 12 spell levels left.
You didn't know any spells.

Dungeon Overview and Level Annotations

Branches:
Dungeon (15/15)            Temple (1/1) D:5            Lair (0/6) D:9
    Orc (0/2) D:11         Vaults (0/5) D:14
 Depths: D:15

Altars:
Ashenzari
Cheibriados
Dithmenos
Elyvilon
Fedhas
Gozag
Hepliaklqana
Kikubaaqudgha
Makhleb
Nemelex Xobeh
Okawaru
Qazlal
Ru
Sif Muna
Trog
Uskayaw
Vehumet
Xom
Yredelemnul
Zin
The Shining One

Shops:
D:9 [   D:11 %   D:12 (


Innate Abilities, Weirdness & Mutations

You reflexively headbutt those who attack you in melee.
You have a pair of horns on your head.


Message History

The fire dragon is severely wounded.
You block the fire dragon's attack. The fire dragon barely misses you.
The fire dragon closely misses you.
You slice the fire dragon!!
You headbutt the fire dragon, but do no damage.
The fire dragon is almost dead.
The fire dragon bites you but does no damage.
The fire dragon claws you but does no damage.
The fire dragon misses you.
You slash the fire dragon!
You kill the fire dragon!
Okawaru accepts your kill.
An ice dragon comes into view.
The ice dragon roars deafeningly!
You block the hippogriff's attack. x2
The hippogriff claws you but does no damage.
The ice dragon breathes frost at you. The blast of cold hits you!
Ouch! That really hurt!
You die...

####
###########.....
##.D.............
###..#......#######
#######.H..##..8^##
#.......@..###...#
.#####.####
##.....# #)#
#####.... #.# ?$$
#.# ## ## ##.##.(.#
#.<.....# #..##...#
#.## .#..


You could see an ice dragon and a hippogriff.

Vanquished Creatures
  Agnes (D:14)
  Snorg (D:13)
  A fire dragon (D:15)
  A yaktaur captain (D:13)
  2 hydras
  2 vault guards (D:14)
  A centaur warrior (D:14)
  A tengu warrior (D:15)
  8 two-headed ogres
  Urug (D:12)
  A wolf spider zombie (D:12)
  2 cyclopes (D:14)
  4 ugly things
  A centaur skeleton (D:10)
  Psyche (D:9)
  Joseph (D:8)
  4 gargoyles
  2 kobold demonologists
  A yaktaur (D:14)
  A komodo dragon (D:14)
  A tengu conjurer (D:12)
  A troll (D:13)
  Grinder (D:3)
  9 slime creatures
  2 hippogriffs
  3 shadows
  Sigmund (D:6)
  A water elemental (D:11)
  A wraith (D:14)
  Eustachio (D:6)
  A vampire (D:12)
  A human (D:9)
  2 wyverns
  20 yaks
  4 hogs (D:9)
  A basilisk (D:14)
  3 hungry ghosts
  Menkaure (D:7)
  3 vampire mosquitoes (D:14)
  2 acid dragons (D:14)
  Duvessa (D:5)
  A water moccasin (D:13)
  8 ice beasts
  3 orc warriors
  2 sky beasts
  A hornet zombie (D:12)
  An eye of draining (D:14)
  3 phantoms
  10 centaurs
  7 ogres
  6 big kobolds
  9 bullfrogs
  Blork the orc (D:6)
  A wyvern zombie (D:11)
  Dowan (D:5)
  6 scorpions
  A wyvern skeleton (D:14)
  4 killer bees (D:9)
  3 wights (D:9)
  An electric eel (D:6)
  6 howler monkeys
  2 bullfrog zombies
  4 crimson imps
  9 hounds
  A centaur zombie (D:4)
  A quasit (D:7)
  5 bullfrog skeletons
  6 orc priests
  A jelly (D:14)
  Jessica (D:3)
  3 iguanas
  Natasha (thrice) (D:3 D:4)
  4 orc wizards
  16 worker ants
  A worker ant zombie (D:6)
  7 gnolls
  9 adders
  2 shadow imps
  2 oozes (D:2)
  An adder skeleton (D:8)
  3 worms
  6 dart slugs
  10 leopard geckos
  56 orcs
  4 giant cockroaches
  5 goblins
  8 hobgoblins
  7 jackals
  33 kobolds
  5 quokkas
  A ball python (D:7)
  10 bats
  4 frilled lizards
  A jackal skeleton (D:7)
  A leopard gecko skeleton (D:5)
  A leopard gecko zombie (D:6)
  5 rats
410 creatures vanquished.

Notes
Turn   | Place    | Note
-------+----------+-------------------------------------------
     0 | D:1      | asdasd2 the Minotaur Fighter began the quest for the Orb.
     0 | D:1      | Reached XP level 1. HP: 19/19 MP: 0/0
   167 | D:1      | Reached XP level 2. HP: 27/27 MP: 1/1
   352 | D:1      | Reached skill level 3 in Axes
   504 | D:1      | Reached XP level 3. HP: 33/33 MP: 2/2
  1079 | D:2      | Found a blossoming altar of Fedhas.
  1082 | D:2      | Found a shattered altar of Ashenzari.
  1085 | D:2      | Found a radiant altar of Vehumet.
  1177 | D:2      | Reached skill level 4 in Axes
  1177 | D:2      | Reached XP level 4. HP: 40/40 MP: 3/3
  1542 | D:3      | Reached skill level 5 in Armour
  1544 | D:3      | Noticed Jessica
  1553 | D:3      | Killed Jessica
  1553 | D:3      | Reached skill level 5 in Axes
  1553 | D:3      | Reached XP level 5. HP: 18/46 MP: 4/4
  1745 | D:3      | Noticed Natasha
  1752 | D:3      | Killed Natasha
  1839 | D:3      | Noticed Natasha
  1846 | D:3      | Killed Natasha
  2007 | D:3      | Noticed Grinder
  2011 | D:3      | Paralysed by Grinder for 6 turns
  2026 | D:3      | Killed Grinder
  2026 | D:3      | Reached skill level 6 in Axes
  2026 | D:3      | Reached XP level 6. HP: 10/53 MP: 5/5
  2453 | D:3      | Reached skill level 7 in Axes
  2609 | D:4      | Reached XP level 7. HP: 45/60 MP: 6/6
  2729 | D:4      | Noticed Natasha
  2739 | D:4      | Killed Natasha
  3157 | D:4      | Reached skill level 8 in Axes
  3377 | D:5      | Entered Level 5 of the Dungeon
  3456 | D:5      | Found a staircase to the Ecumenical Temple.
  3545 | D:5      | Reached skill level 1 in Dodging
  3872 | D:5      | Noticed Dowan
  3873 | D:5      | Noticed Duvessa
  3886 | D:5      | Killed Dowan
  3886 | D:5      | Reached skill level 9 in Axes
  3889 | D:5      | Killed Duvessa
  3889 | D:5      | Reached XP level 8. HP: 55/67 MP: 7/7
  4082 | D:5      | Reached skill level 5 in Fighting
  4478 | D:5      | Reached skill level 10 in Axes
  4526 | D:6      | Noticed Blork the orc
  4541 | D:6      | Killed Blork the orc
  4599 | D:6      | Noticed Sigmund
  4609 | D:6      | Killed Sigmund
  4609 | D:6      | Reached skill level 11 in Axes
  4625 | D:6      | Reached XP level 9. HP: 57/74 MP: 8/8
  4840 | D:6      | Noticed Eustachio
  4868 | D:6      | Killed Eustachio
  5286 | D:7      | Noticed Menkaure
  5289 | D:7      | Found a basalt altar of Yredelemnul.
  5295 | D:7      | Killed Menkaure
  5618 | D:7      | Reached skill level 12 in Axes
  5623 | D:7      | Found a shimmering altar of Xom.
  5628 | D:7      | Noticed an angel
  5631 | D:7      | Found a glowing silver altar of Zin.
  5933 | D:8      | Noticed Joseph
  5944 | D:8      | Killed Joseph
  6032 | D:8      | Reached skill level 13 in Axes
  6267 | D:8      | Reached XP level 10. HP: 61/83 MP: 9/9
  6695 | D:8      | Upgraded the game from 0.20.0-8-g6b59dc7 to 0.20.0-10-g0535bb4
  6725 | D:8      | Found a hide-covered altar of Uskayaw.
  6725 | D:8      | Found a sacrificial altar of Ru.
  6727 | D:8      | Found a sparkling altar of Nemelex Xobeh.
  6727 | D:8      | Found a snail-covered altar of Cheibriados.
  6735 | D:8      | Found a glowing golden altar of the Shining One.
  6949 | Temple   | Entered the Ecumenical Temple
  7097 | Temple   | Became a worshipper of Warmaster Okawaru
  7248 | D:9      | Found Wameimorph's Antique Armour Shoppe.
  7271 | D:9      | Bought a pair of brightly glowing gloves for 218 gold pieces
  7276 | D:9      | Identified the +2 pair of gloves "Fierhay" {Dex+4} (You bought it in a shop on level 9 of the Dungeon)
  7305 | D:9      | Noticed a two-headed ogre
  7325 | D:9      | Killed a two-headed ogre
  7325 | D:9      | Reached skill level 14 in Axes
  7388 | D:9      | Reached * piety under Okawaru
  7434 | D:9      | Reached skill level 10 in Armour
  7582 | D:9      | Found a staircase to the Lair.
  7644 | D:9      | Noticed Psyche
  7650 | D:9      | Killed Psyche
  7935 | D:9      | Reached ** piety under Okawaru
  7941 | D:9      | Reached skill level 15 in Axes
  8141 | D:10     | Entered Level 10 of the Dungeon
  8141 | D:10     | Noticed a two-headed ogre
  8158 | D:10     | Killed a two-headed ogre
  8158 | D:10     | Reached XP level 11. HP: 32/92 MP: 10/10
  8412 | D:10     | Reached *** piety under Okawaru
  8477 | D:10     | Noticed a two-headed ogre
  8582 | D:10     | Reached skill level 16 in Axes
  8671 | D:10     | Killed a two-headed ogre
  8671 | D:10     | Reached **** piety under Okawaru
  8721 | D:10     | Noticed a two-headed ogre
  8730 | D:10     | Killed a two-headed ogre
  8842 | D:10     | Received a gift from Okawaru
  9145 | D:11     | Found Doxuvut's Food Emporium.
  9176 | D:11     | Noticed a red ugly thing
  9186 | D:11     | Killed a red ugly thing
  9186 | D:11     | Reached ***** piety under Okawaru
  9186 | D:11     | Received a gift from Okawaru
  9250 | D:11     | Found a staircase to the Orcish Mines.
  9289 | D:11     | Identified a scroll of acquirement
  9519 | D:11     | Reached skill level 17 in Axes
  9748 | D:12     | Noticed a green ugly thing
  9759 | D:12     | Killed a green ugly thing
 10015 | D:12     | Noticed Urug
 10025 | D:12     | Killed Urug
 10025 | D:12     | Received a gift from Okawaru
 10025 | D:12     | Reached XP level 12. HP: 44/104 MP: 11/11
 10482 | D:12     | Received a gift from Okawaru
 10716 | D:12     | Found Wodd's Weapon Emporium.
 10825 | D:12     | Noticed a six-headed hydra
 10833 | D:12     | Killed a six-headed hydra
 11233 | D:13     | Noticed a yaktaur captain
 11239 | D:13     | Killed a yaktaur captain
 11381 | D:13     | Noticed a two-headed ogre
 11386 | D:13     | Reached skill level 18 in Axes
 11386 | D:13     | Reached skill level 1 in Maces & Flails
 11397 | D:13     | Killed a two-headed ogre
 11397 | D:13     | Reached ****** piety under Okawaru
 11397 | D:13     | Reached skill level 10 in Fighting
 11516 | D:13     | Received a gift from Okawaru
 11763 | D:13     | Noticed Snorg
 11792 | D:13     | HP: 5/106 [Snorg (10)]
 12048 | D:13     | HP: 5/106 [Snorg (4)]
 12048 | D:13     | HP: 1/106 [Snorg (3)]
 12050 | D:13     | Killed Snorg
 12251 | D:13     | Noticed a four-headed hydra
 12259 | D:13     | Killed a four-headed hydra
 12509 | D:14     | Noticed a centaur warrior
 12515 | D:14     | Killed a centaur warrior
 12636 | D:14     | Noticed a two-headed ogre
 12649 | D:14     | Killed a two-headed ogre
 12649 | D:14     | Reached XP level 13. HP: 74/114 MP: 12/12
 13639 | D:14     | Found a gate to the Vaults.
 13653 | D:14     | Noticed Agnes
 13955 | D:14     | HP: 6/174 [Agnes/lajatang of electrocution (7)]
 13958 | D:14     | Killed Agnes
 13959 | D:14     | Received a gift from Okawaru
 14203 | D:15     | Entered Level 15 of the Dungeon
 14233 | D:15     | Noticed a fire dragon
 14257 | D:15     | Killed a fire dragon
 14261 | D:15     | Killed from afar by an ice dragon

Skill      XL: |  1  2  3  4  5  6  7  8  9 10 11 12 13 |
---------------+----------------------------------------+-----
Armour         | 4 5 6 7 8 9 10 11 13 14 | 14.7
Axes           | 3 4 5 6 7 9 11 13 15 17 18 | 18.9
Fighting       | 4 5 7 9 10 11 | 11.3
Dodging        | 1 2 3 |  3.6
Maces & Flails | 2 |  2.1
Shields        | |  3.6

Action                   |  1- 3 |  4- 6 |  7- 9 | 10-12 | 13-15 || total
-------------------------+-------+-------+-------+-------+-------++-------
Melee: War axe           |    84 |    84 |   331 |   499 |       ||   998
       Headbutt          |    15 |    12 |    56 |   188 |    52 ||   323
       Broad axe         |       |       |       |   141 |   171 ||   312
       Mace              |       |       |       |    12 |       ||    12
  Use: Potion            |       |     1 |     3 |     4 |     3 ||    11
       Scroll            |       |     8 |    13 |     5 |       ||    26
  Eat: Chunk             |       |     5 |     9 |    16 |     5 ||    35
       Royal jelly       |       |       |     2 |     3 |       ||     5
       Fruit             |       |       |       |     1 |    11 ||    12
Armor: Scale mail        |    36 |    32 |   125 |    25 |       ||   218
       Plate armour      |       |       |       |   270 |    44 ||   314
Dodge: Dodged            |    24 |    19 |    84 |   136 |    32 ||   295
Block: Shield            |    50 |    36 |   159 |   249 |    62 ||   556
